 Dungeon Crawl Stone Soup version 0.28-a0-178-ga708605c5b (webtiles) character file.

Game seed: 16138306372597878103

80 bande the Covered (level 4, -21/28 HPs)
             Began as a Gargoyle Fighter on Aug 18, 2021.
             Demolished by an ogre (28 damage)
             ... on level 3 of the Dungeon.
             The game lasted 00:03:53 (2497 turns).

bande the Covered (Gargoyle Fighter)                Turns: 2497, Time: 00:03:53

Health: -21/28     AC: 16    Str: 20    XL:     4   Next: 39%
Magic:  4/4        EV:  2    Int:  8    God:
Gold:   65         SH: 12    Dex: 10    Spells: 3/3 levels left

rFire   . . .      SeeInvis .   a - +0 war axe
rCold   . . .      Faith    .   g - +0 tower shield
rNeg    + . .      Spirit   .   j - +0 plate armour
rPois   ∞          Reflect  .   (no helmet)
rElec   +          Harm     .   (no cloak)
rCorr   .          Rampage  .   e - +0 pair of gloves
Will    .....                   (no boots)
Stlth   ..........              (no amulet)
HPRegen 0.09/turn               (no ring)
MPRegen 0.09/turn               (no ring)

@: mighty
A: sickness immunity, AC +3, negative energy resistance 1, electricity
resistance, torment resistance 1, petrification resistance
a: no special abilities


You were on level 3 of the Dungeon.
You visited 1 branch of the dungeon, and saw 3 of its levels.

You collected 65 gold pieces.

Inventory:

Hand Weapons
 a - a +0 war axe (weapon)
Armour
 e - a +0 pair of gloves (worn)
 g - a +0 tower shield (worn)
 j - a +0 plate armour (worn)
Scrolls
 b - a scroll of blinking
 i - 2 scrolls of teleportation
Potions
 c - a potion of resistance {unknown}
 f - a potion of curing {unknown}
 k - a potion of berserk rage {unknown}
 l - a potion of brilliance {unknown}
 m - a potion of cancellation {unknown}


   Skills:
 + Level 3.4 Fighting
 + Level 2.7 Axes
 + Level 4.0 Armour
 + Level 0.4 Dodging
 + Level 3.9 Shields


You had 3 spell levels left.
You didn't know any spells.
Your spell library was empty.

Dungeon Overview and Level Annotations

Branches:
Dungeon (3/15)

Altars:


Innate Abilities, Weirdness & Mutations

You are immune to sickness and miasma.
Your stone body is resilient. (AC +3)
You are immune to poison.
You resist negative energy. (rN+)
You are resistant to electric shocks. (rElec)
You are resistant to unholy torment.
You are immune to petrification.


Message History

No target in view!
Things that are here:
a +0 club; a goblin corpse
Things that are here:
a +0 club; a goblin corpse As you open the door, it creaks loudly!
Found a faded altar of an unknown god.
There is an open door here.
Done exploring.
Done exploring.
Things that are here:
a +0 club; a goblin corpse
Things that are here:
a +0 club; a goblin corpse
There is a stone staircase leading down here.
You climb downwards.
There is a stone staircase leading up here.
As you read the scroll labelled PUULIRHEMPU, it crumbles to dust.
You hear a loud clanging noise!
It was a scroll of noise.
You hear a shout! x2
An ogre comes into view. It is wielding a +0 giant spiked club.
The ogre shouts!
The ogre moves out of view.
Found a stone staircase leading down.
An ogre is nearby!
There is a stone staircase leading up here.
You feel very mighty all of a sudden.
You completely miss the ogre. The ogre hits you but does no damage.
The ogre hits you with a +0 giant spiked club!!
Ouch! That really hurt!
* * * LOW HITPOINT WARNING * * *
You slash the ogre!
The ogre is moderately wounded.
You block the ogre's attack.
Your shield and plate armour prevent you from hitting the ogre.
The ogre is moderately wounded.
The ogre hits you with a +0 giant spiked club!!
Ouch! That really hurt!
You die...

. #..# .#..#
.#..# ## .... .
# #..#.#####
#.#..#......
#...........
#.##.#.#######
#..........O@#
...###..#######
#... #..## ....
..#.O ...+.>
....###.


You could see an ogre.

Vanquished Creatures
  Terence (D:2)
  2 adders (D:2)
  A dart slug (D:1)
  5 endoplasms
  A giant cockroach (D:2)
  3 goblins
  2 hobgoblins (D:2)
  5 kobolds
  2 quokkas (D:1)
  5 ball pythons (D:1)
  2 frilled lizards
  7 rats
36 creatures vanquished.

Vanquished Creatures (others)
  A plant (D:2)
  5 toadstools (D:1)
6 creatures vanquished.

Grand Total: 42 creatures vanquished

Notes
Turn   | Place    | Note
-------+----------+-------------------------------------------
     0 | D:1      | bande the Gargoyle Fighter began the quest for the Orb.
     0 | D:1      | Reached XP level 1. HP: 14/14 MP: 1/1
   318 | D:1      | Reached XP level 2. HP: 13/19 MP: 2/2
  1200 | D:1      | Reached XP level 3. HP: 23/23 MP: 3/3
  1472 | D:2      | Noticed Terence
  1516 | D:2      | Killed Terence
  1861 | D:2      | Reached skill level 4 in Armour
  1861 | D:2      | Reached XP level 4. HP: 28/28 MP: 4/4
  2433 | D:2      | Found a faded altar of an unknown god.
  2484 | D:3      | Noticed an ogre
  2497 | D:3      | Demolished by an ogre

Illustrated notes

Levels and vault maps discovered:
D:1:      ldierk_walled_garden, layout_basic
D:2:      layout_basic, chequers_ecumenical_altar_lobes, uniq_terence
D:3:      layout_basic, dancing_weapons_uskayaw, minmay_puff, uniq_grinder

Skill      XL: |  1  2  3 |
---------------+----------+-----
Axes           | 2 |  2.7
Armour         | 4 |  4.0
Fighting       | |  3.4
Dodging        | |  0.4
Shields        | |  3.9

Action                   |  1- 3 |  4- 6 || total
-------------------------+-------+-------++-------
Melee: War axe           |   109 |    26 ||   135
  Use: Scroll            |     4 |     2 ||     6
       Potion            |       |     1 ||     1
Armor: Scale mail        |    49 |       ||    49
       Plate armour      |    18 |    14 ||    32
Dodge: Dodged            |    24 |     4 ||    28
Block: Tower shield      |    68 |    13 ||    81
       Kite shield       |     4 |       ||     4

Table legend: (Time is in decaauts)
 A = Elapsed time spent in this place.
 B = Non-inter-level travel time spent in this place.
 C = Inter-level travel time spent in this place.
 D = Time resting spent in this place.
 E = Time spent auto-exploring this place.
 F = Levels seen in this place.
 G = Mean time per level.
                   A        B        C        D        E       F      G
               +--------+--------+--------+--------+--------+-----+--------+
         Total |   2608 |   2581 |     27 |    579 |   1497 |   3 |  869.3 |
       Dungeon |   2608 |   2581 |     27 |    579 |   1497 |   3 |  869.3 |
               +--------+--------+--------+--------+--------+-----+--------+

Top non-repeatable levels by time:
     D:1: 1575 daAuts
     D:2: 1011 daAuts
     D:3: 21 daAuts
